 Dungeon Crawl Stone Soup version 0.31-a0-1165-g196b491b36 (webtiles) character file.

Game seed: 7305776960168472572

1694 whatisthis the Fighter (level 9, -17/83 HPs)
             Began as a Ghoul Monk on Dec 10, 2023.
             Was an Initiate of Yredelemnul.
             Demolished by an orc warrior
             ... wielding a +0 flail
              (19 damage)
             ... on level 6 of the Dungeon.
             The game lasted 00:14:06 (4804 turns).

whatisthis the Fighter (Ghoul Monk)                 Turns: 4804, Time: 00:14:06

Health: -17/83     AC:  7    Str: 21    XL:     9   Next: 2%
Magic:  8/8        EV: 12    Int:  9    God:    Yredelemnul [......]
Gold:   395        SH:  0    Dex: 11    Spells: 8/8 levels left

rFire   . .          .
                       - Unarmed
rCold   + . .        c - orb {light}
rNeg    + + +        e - +0 leather armour
rPois   ∞            z - +0 helmet
rElec   +            (no cloak)
rCorr   +            (no gloves)
SInv    +            k - +2 pair of boots
Will    +....        t - amulet "Pyotted" {Acrobat Harm rElec Str+2 SInv}
Stlth   +            B - ring of willpower
HPRegen 0.00/turn    w - ring of resist corrosion
MPRegen 0.11/turn

%: harm (+30% outgoing, +20% incoming), acrobat
@: inhibited regen, glowing
A: claws 1, cold resistance 1, negative energy resistance 3, inhibited
regeneration, torment resistance 2, devour on kill
a: Renounce Religion, Recall Undead Harvest


You were on level 6 of the Dungeon.
You worshipped Yredelemnul.
Yredelemnul was noncommittal.
You visited 2 branches of the dungeon, and saw 8 of its levels.

You collected 395 gold pieces.

Inventory:

Hand Weapons
 o - a +2 dagger of speed
Missiles
 a - 50 stones (quivered)
 A - 11 poisoned darts
 E - a throwing net
Armour
 c - an orb of light (worn)
 e - a +0 leather armour (worn)
 k - a +2 pair of boots (worn)
 n - a +0 chain mail
 z - a +0 helmet (worn)
Jewellery
 i - a ring of flight
 t - the amulet "Pyotted" (around neck) {Acrobat Harm rElec Str+2 SInv}
   (You found it on level 3 of the Dungeon)

   [amulet of the acrobat]

   Acrobat:   It increases your evasion while moving and waiting.
   Str+2:     It affects your strength (+2).
   rElec:     It insulates you from electricity.
   SInv:      It lets you see invisible.
   Harm:      It increases damage dealt and taken.
 w - a ring of resist corrosion (right claw)
 B - a ring of willpower (left claw)
Wands
 x - a wand of polymorph (9)
Scrolls
 d - 4 scrolls of immolation {unknown}
 j - 4 scrolls of blinking {unknown}
 m - a scroll of enchant armour {unknown}
 p - 7 scrolls of identify {unknown}
 q - 2 scrolls of amnesia {unknown}
 r - 4 scrolls of revelation {unknown}
 u - a scroll of enchant weapon {unknown}
 v - a scroll of poison {unknown}
 y - a scroll of acquirement {unknown}
Potions
 b - a potion of ambrosia
 f - a potion of might {unknown}
 g - 2 potions of resistance {unknown}
 h - a potion of curing {unknown}
 l - 2 potions of mutation {unknown}
 s - a potion of degeneration {unknown}
 C - a potion of magic {unknown}
 D - a potion of brilliance {unknown}
 F - a potion of haste {unknown}


   Skills:
 + Level 9.2 Fighting
 - Level 3.2 Dodging
 + Level 9.1 Unarmed Combat


You had 8 spell levels left.
You didn't know any spells.
Your spell library contained the following spells:

 Spells                   Type           Power      Damage    Failure   Level
 Apportation              Tloc           0%         N/A       43%         1
 Jinxbite                 Hex            0%         N/A       56%         2
 Gell's Gravitas          Tloc           0%         N/A       80%         3
 Teleport Other           Tloc           0%         N/A       80%         3
 Tukima's Dance           Hex            0%         N/A       80%         3
 Dimensional Bullseye     Hex/Tloc       0%         N/A       99%         4
 Iskenderun's Mystic Bla  Conj/Tloc      0%         2d3       99%         4
 Leda's Liquefaction      Hex/Erth       0%         N/A       99%         4
 Alistair's Intoxication  Tmut/Pois      0%         N/A       100%        5
 Lee's Rapid Deconstruct  Erth           0%         3d4*      100%        5
 Bombard                  Conj/Erth      0%         9d1       100%        6
 Dispersal                Tloc           0%         N/A       100%        6


Dungeon Overview and Level Annotations

Branches:
Dungeon (7/15)             Temple (1/1) D:6

Altars:
Cheibriados
Fedhas
Hepliaklqana
Kikubaaqudgha
Makhleb
Nemelex Xobeh
Qazlal
Ru
Sif Muna
Trog
Uskayaw
Vehumet
Wu Jian
Xom
Yredelemnul

Annotations:
D:3 3 runed translucent doors, Curundu's ghost, amateur MiBe; DApurpleWHUMPUS's ghost, amateur OgFE
D:4 4 runed translucent doors


Innate Abilities, Weirdness & Mutations

You are immune to poison.
You have sharp fingernails.
Your flesh is cold resistant. (rC+)
You are immune to negative energy. (rN+++)
You do not regenerate when monsters are visible.
You are immune to unholy pain and torment.
You thrive by killing the living.


Message History

The orc hits you with a +0 hand axe.
The orc hits your orc zombie with a +0 hand axe.
Your orc zombie is destroyed!
The orc hits you with a +0 hand axe.
You scratch the orc.
The orc is almost dead.
The orc barely misses you. The orc closely misses you.
The orc warrior hits you with a +0 flail!
The orc hits you but does no damage.
You barely miss the orc.
The orc is almost dead.
You scratch the orc.
You kill the orc!
The orc closely misses you. x2
The orc warrior hits you with a +0 flail!
* * * LOW HITPOINT WARNING * * *
Unknown command.
The orc closely misses you. The orc hits you but does no damage.
The orc warrior hits you with a +0 flail.
* * * LOW HITPOINT WARNING * * *
The orc warrior unwields a +0 arbalest.
The orc warrior wields a +0 glaive.
The orc warrior barely misses you.
You climb upwards.
There is a stone staircase leading down here.
The orc attacks as it pursues you! The orc closely misses you.
The orc warrior closely misses you. The orc attacks as it pursues you!
The orc hits you with a +0 flail!
* * * LOW HITPOINT WARNING * * *
You scratch the orc but do no damage. You claw the orc warrior!
The orc warrior is moderately wounded.
You scratch the orc warrior but do no damage.
The orc warrior is moderately wounded.
The orc warrior hits you with a +0 flail!
* * * LOW HITPOINT WARNING * * *
You scratch the orc warrior.
The orc warrior is heavily wounded.
The orc warrior hits you with a +0 flail!
You die...
You join the legions of the undead harvest.

#Z####........
#.####[.######
#...Z).#.#
#############.# ##
#.............####.
#.###########......
#....## #######...#
#.....###.....>....
#.@...#.......#....
#..o..#.......#oo..
#.....#...o...#....
#.....#...oo.......
#.....oo..##.......
#.....######.......
####### #...####
#...# ## #...# #.


You could see 2 orc warriors and an orc.

Vanquished Creatures
  A steam dragon (D:6)
  3 water moccasins (D:6)
  2 ice beasts
  3 ogres
  A phantom (D:6)
  A bullfrog (D:5)
  A jelly (D:5)
  A gnoll bouda (D:4)
  2 orc priests (D:5)
  2 hounds
  A sleepcap (D:6)
  5 iguanas
  4 orc wizards (D:5)
  8 gnolls
  8 adders
  A white imp (D:6)
  A worm (D:3)
  2 dart slugs
  17 orcs
  10 ball pythons
  8 endoplasms
  3 giant cockroaches
  6 goblins
  A hobgoblin (D:1)
  3 jackals (D:1)
  3 bats
  2 frilled lizards
  4 kobolds
  7 rats
111 creatures vanquished.

Vanquished Creatures (others)
  A water moccasin zombie (D:6)
  An adder zombie (D:6)
  An orc zombie (D:7)
3 creatures vanquished.

Grand Total: 114 creatures vanquished

Notes
Turn   | Place    | Note
-------+----------+-------------------------------------------
     0 | D:1      | whatisthis the Ghoul Monk began the quest for the Orb.
     0 | D:1      | Reached XP level 1. HP: 19/19 MP: 0/0
   268 | D:1      | Found a faded altar of an unknown god.
   273 | D:1      | Reached XP level 2. HP: 26/26 MP: 1/1
   837 | D:2      | Reached XP level 3. HP: 31/33 MP: 2/2
  1303 | D:3      | Found a runed translucent gate.
  1303 | D:3      | Found a runed translucent gate.
  1303 | D:3      | Found a runed translucent gate.
  1798 | D:3      | Reached XP level 4. HP: 40/40 MP: 3/3
  1899 | D:3      | Found a hide-covered altar of Uskayaw.
  2048 | D:3      | Identified the amulet "Pyotted" {Acrobat Harm rElec Str+2
                  | SInv}
  2069 | D:3      | Found a shimmering blue altar of Sif Muna.
  2117 | D:3      | Found a radiant altar of Vehumet.
  2406 | D:3      | Noticed DApurpleWHUMPUS's ghost (amateur OgFE)
  2407 | D:3      | Noticed Curundu's ghost (amateur MiBe)
  2583 | D:4      | Reached XP level 5. HP: 31/47 MP: 4/4
  2736 | D:4      | Found a large runed translucent door.
  2737 | D:4      | Found a large runed translucent door.
  2745 | D:4      | Found a large runed translucent door.
  2746 | D:4      | Found a large runed translucent door.
  2746 | D:4      | Noticed a centaur
  2746 | D:4      | Noticed a kobold brigand
  2758 | D:4      | Noticed an ogre
  2770 | D:4      | Killed an ogre
  2771 | D:4      | Reached skill level 5 in Fighting
  2771 | D:4      | Reached skill level 5 in Unarmed Combat
  2771 | D:4      | Reached XP level 6. HP: 32/56 MP: 5/5
  2967 | D:4      | Noticed a yak
  3089 | D:5      | Entered Level 5 of the Dungeon
  3271 | D:5      | Reached XP level 7. HP: 63/63 MP: 6/6
  3811 | D:5      | Reached XP level 8. HP: 73/73 MP: 7/7
  3830 | D:5      | Noticed a yak
  3830 | D:5      | Noticed a yak
  4083 | D:6      | Found a staircase to the Ecumenical Temple.
  4088 | Temple   | Entered the Ecumenical Temple
  4118 | Temple   | Became a worshipper of Yredelemnul the Dark
  4118 | Temple   | Reached * piety under Yredelemnul
  4118 | Temple   | Reached ** piety under Yredelemnul
  4206 | D:6      | Found a sparkling altar of Nemelex Xobeh.
  4233 | D:6      | Found a blossoming altar of Fedhas.
  4637 | D:6      | Reached XP level 9. HP: 81/83 MP: 8/8
  4803 | D:6      | HP: 2/83 [orc warrior/+0 flail (9)]
  4804 | D:6      | Demolished by an orc warrior

Illustrated notes

Levels and vault maps discovered:
D:1:      scummos_arrival_gate, layout_loops_ring,
          chequers_ecumenical_altar_simple, minmay_tree_intersection
D:2:      layout_rooms, serial_aquarium, aquarium_bridge_long_joined
          [aquarium_subvault_window, aquarium_subvault_wall,
          aquarium_subvault_bridge, aquarium_subvault_window,
          aquarium_subvault_window, aquarium_subvault_balcony],
          aquarium_window_1, aquarium_window_corridor_2, aquarium_window_2,
          aquarium_view_2g, aquarium_view_2c, aquarium_pool_split,
          minmay_pentomino_u4
D:3:      layout_basic, mainiacjoe_overflow_boulevard,
          mainiacjoe_overflow_six_doors_small, mainiacjoe_overflow_big_doors,
          gammafunk_ghost_cemetery
D:4:      cheibrodos_old_hovel, layout_cave_pools, nicolae_elyvilon_temple_path,
          minmay_misc_feat_columns, minmay_hollow_rounded_squares
D:5:      layout_loops_ring, tso_altar
D:6:      layout_basic, mainiacjoe_overflow_catch_the_wave,
          minmay_temple_entry_grid
D:7:      layout_cave_pools, cheibrodos_ashenzari_chains
Temple:   cyrus_temple_forest

Skill      XL: |  1  2  3  4  5  6  7  8 |
---------------+-------------------------+-----
Dodging        | 3 |  3.2
Fighting       | 4 5 6 7 9 |  9.2
Unarmed Combat | 4 5 6 7 9 |  9.1

Action                     |  1- 3 |  4- 6 |  7- 9 || total
---------------------------+-------+-------+-------++-------
  Melee: Unarmed           |    93 |    93 |   116 ||   302
 Armour: Leather armour    |    40 |    46 |    55 ||   141
  Dodge: Dodged            |    52 |    35 |    79 ||   166

Table legend: (Time is in decaauts)
 A = Elapsed time spent in this place.
 B = Non-inter-level travel time spent in this place.
 C = Inter-level travel time spent in this place.
 D = Time resting spent in this place.
 E = Time spent auto-exploring this place.
 F = Levels seen in this place.
 G = Mean time per level.
                   A        B        C        D        E       F      G
               +--------+--------+--------+--------+--------+-----+--------+
         Total |   4777 |   4516 |    261 |    405 |   2724 |   8 |  597.1 |
       Dungeon |   4719 |   4485 |    234 |    405 |   2724 |   7 |  674.1 |
        Temple |     58 |     31 |     27 |      0 |      0 |   1 |   58.0 |
               +--------+--------+--------+--------+--------+-----+--------+

Top non-repeatable levels by time:
     D:3: 1212 daAuts
     D:4: 787 daAuts
     D:5: 760 daAuts
     D:1: 700 daAuts
     D:6: 644 daAuts
     D:2: 598 daAuts
  Temple: 58 daAuts
     D:7: 15 daAuts
